 Dungeon Crawl Stone Soup version 0.28-a0-998-gb9e9c7b67e (webtiles) character file.

Game seed: 6937049273268846864

6671 leviel the Fighter (level 11, -6/90 HPs)
             Began as an Octopode Fighter on Dec 6, 2021.
             Was an Initiate of Gozag.
             Mangled by a tengu warrior (29 damage)
             ... led by a tengu warrior
             ... on level 8 of the Dungeon.
             The game lasted 00:20:56 (12041 turns).

leviel the Fighter (Octopode Fighter)              Turns: 12041, Time: 00:20:56

Health: -6/90      AC:  1    Str: 18    XL:     11   Next: 3%
Magic:  11/11      EV: 20    Int: 11    God:    Gozag
Gold:   153        SH:  7    Dex: 19    Spells: 10/10 levels left

rFire   . . .      SeeInvis .   a - +0 war axe (freeze)
rCold   . . .      Faith    .   b - +1 buckler
rNeg    . . .      Spirit   .   (helmet restricted)
rPois   .          Reflect  .   y - amulet of the acrobat
rElec   .          Harm     .   e - +6 ring of dexterity
rCorr   .          Rampage  .   j - ring of willpower
Will    +....                   (no ring)
Stlth   +++.......              (no ring)
HPRegen 0.25/turn               (no ring)
MPRegen 0.12/turn               (no ring)
                                (no ring)
                                (no ring)

@: studying 2 skills
A: almost no armour, amphibious, 8 rings, camouflage 1, gelatinous body 1,
(nimble swimmer 1), tentacles, tentacle spike 1
a: Renounce Religion, Potion Petition, Call Merchant, Bribe Branch


You were on level 8 of the Dungeon.
You worshipped Gozag.
Gozag was aware of your devotion.
You visited 2 branches of the dungeon, and saw 9 of its levels.

You collected 493 gold pieces.
You spent 200 gold pieces at shops.
You paid 140 gold pieces to Gozag.

Inventory:

Hand Weapons
 a - a +0 war axe of freezing (weapon)
 i - a +1 whip of venom
 o - a +0 whip of flaming
Missiles
 k - 85 poisoned darts (quivered)
Armour
 b - a +1 buckler (worn)
Jewellery
 e - a +6 ring of dexterity (left tentacle)
 j - a ring of willpower (right tentacle)
 y - an amulet of the acrobat (around mantle)
Wands
 g - a wand of polymorph (9)
 l - a wand of flame (10)
 n - a wand of acid (14)
 p - a wand of paralysis (4)
 x - a wand of iceblast (4)
Scrolls
 d - a scroll of magic mapping
 h - 2 scrolls of teleportation
Potions
 c - 3 potions of curing
 f - a potion of cancellation
 m - a potion of brilliance
 q - a potion of resistance
 r - a potion of heal wounds
 s - 3 potions of berserk rage


   Skills:
 * Level 14.7 Fighting
 + Level 7.6 Axes
 * Level 10.3 Dodging
 - Level 5.8 Shields


You had 10 spell levels left.
You didn't know any spells.
Your spell library contained the following spells:

 Spells                   Type           Power      Damage    Failure   Level
 Animate Skeleton         Necr           0%         N/A       34%         1
 Apportation              Tloc           0%         N/A       34%         1
 Shock                    Conj/Air       0%         1d3       34%         1
 Summon Small Mammal      Summ           0%         N/A       34%         1
 Static Discharge         Conj/Air       0%         N/A       47%         2
 Call Canine Familiar     Summ           0%         N/A       71%         3
 Summon Guardian Golem    Hex/Summ       0%         N/A       71%         3
 Swiftness                Air            0%         N/A       71%         3
 Airstrike                Air            0%         N/A       98%         4
 Dispel Undead            Necr           0%         3d6       98%         4
 Passage of Golubria      Tloc           0%         N/A       98%         4
 Sticky Flame             Conj/Fire      0%         2d3       98%         4
 Summon Lightning Spire   Summ/Air       0%         N/A       98%         4
 Lightning Bolt           Conj/Air       0%         1d11      100%        5
 Silence                  Hex/Air        0%         N/A       100%        5
 Lehudib's Crystal Spear  Conj/Erth      0%         10d2      100%        8


Dungeon Overview and Level Annotations

Branches:
Dungeon (8/15)             Temple (1/1) D:6
   Lair: D:8-11

Altars:
Ashenzari
Cheibriados
Dithmenos
Elyvilon
Fedhas
Gozag
Hepliaklqana
Kikubaaqudgha
Makhleb
Nemelex Xobeh
Okawaru
Ru
Sif Muna
Trog
Uskayaw
Vehumet
Wu Jian
Xom
Yredelemnul
Zin
The Shining One

Shops:
D:4 [   D:5 !   D:8 [


Innate Abilities, Weirdness & Mutations

You cannot wear most types of armour.
You are amphibious.
You can wear up to eight rings at the same time.
Your skin changes colour to match your surroundings (Stealth+).
Your rubbery body absorbs attacks. (AC +1, EV +1)
((You are camouflaged near water. (Stealth+)))
You have tentacles for arms and can constrict up to eight enemies at once.
One of your tentacles bears a spike.


Message History

The tengu warrior is lightly wounded.
The tengu warrior hits you with a +1 great sword of freezing!!
The tengu warrior freezes you! The tengu warrior misses you.
You block the tengu warrior's attack.
The tengu warrior hits you with a +1 great sword of freezing!
The tengu warrior freezes you.
You block the tengu warrior's attack. x2
You are too injured to fight recklessly!
You closely miss the tengu warrior. Your grab misses the tengu warrior.
The tengu warrior is lightly wounded.
You block the tengu warrior's attack. x3
You hit the tengu warrior. You freeze the tengu warrior.
Your grab misses the tengu warrior.
You pierce the tengu warrior, but do no damage.
Your squeeze misses the tengu warrior.
The tengu warrior is lightly wounded.
The tengu warrior hits you with a +1 great sword of freezing!!
The tengu warrior freezes you!
* * * LOW HITPOINT WARNING * * *
The tengu warrior misses you. The tengu warrior claws you.
* * * LOW HITPOINT WARNING * * *
Okay, then.
Okay, then.
You feel much better.
The tengu warrior hits you with a +1 great sword of freezing!!
* * * LOW HITPOINT WARNING * * *
The tengu warrior freezes you.
* * * LOW HITPOINT WARNING * * *
The tengu warrior pecks you.
* * * LOW HITPOINT WARNING * * *
The tengu warrior completely misses you.
You feel much better.
The tengu warrior hits you with a +1 great sword of freezing!!
* * * LOW HITPOINT WARNING * * *
The tengu warrior freezes you!
* * * LOW HITPOINT WARNING * * *
You block the tengu warrior's attack. The tengu warrior barely misses you.
You feel much better.
The tengu warrior hits you with a +1 great sword of freezing!!
You die...
Your body crumbles into a pile of gold.

....#####.#.#
#..........#..
...#........#
..##........# ########
#........# .......#
#........# $ ######.#
#........### .......#
#∩....Q....####. .......#
#.....@......... .......#
#............... #......#
#...............
#......###########.#.....
#......'...........# ####
#......#############
#......# #......#
#......#


You could see a tengu warrior.

Vanquished Creatures
  A two-headed ogre (D:8)
  Pikel (D:5)
  A tengu conjurer (D:8)
  A troll (D:6)
  Grinder (D:5)
  A yak (D:6)
  A fire bat (D:5)
  A vampire mosquito (D:6)
  Menkaure (D:6)
  3 water moccasins
  Duvessa (D:5)
  4 ice beasts
  A black bear (D:5)
  2 orc warriors
  A sky beast (D:5)
  2 necrophages
  5 ogres
  3 centaurs
  A phantom (D:6)
  A lemure (D:5)
  3 bullfrogs
  A kobold brigand (D:6)
  2 wyvern zombies
  4 scorpions (D:6)
  2 wyvern skeletons
  Dowan (D:5)
  4 wights (D:6)
  5 howler monkeys
  3 centaur zombies
  A hound (D:6)
  2 orc priests (D:8)
  2 jellies (D:6)
  4 bullfrog skeletons
  2 centaur skeletons
  3 gnoll shamans
  An orc wizard (D:8)
  5 iguanas
  A hound skeleton (D:3)
  20 gnolls
  A howler monkey zombie (D:6)
  4 adders
  2 shadow imps
  A white imp (D:6)
  A worm (D:5)
  7 orcs
  2 bats (D:1)
  3 endoplasms
  6 giant cockroaches
  4 goblins
  8 hobgoblins
  8 jackals
  4 quokkas
  6 ball pythons
  9 kobolds
  3 rats
168 creatures vanquished.

Notes
Turn   | Place    | Note
-------+----------+-------------------------------------------
     0 | D:1      | leviel the Octopode Fighter began the quest for the Orb.
     0 | D:1      | Reached XP level 1. HP: 16/16 MP: 1/1
    55 | D:1      | Reached XP level 2. HP: 7/21 MP: 2/2
   250 | D:1      | Found a faded altar of an unknown god.
   283 | D:1      | Reached XP level 3. HP: 9/26 MP: 3/3
   709 | D:1      | Identified a scroll of acquirement
   709 | D:1      | Acquired a manual of Fighting
  1186 | D:2      | Found a sacrificial altar of Ru.
  1689 | D:3      | Reached skill level 4 in Fighting
  1689 | D:3      | Reached XP level 4. HP: 22/33 MP: 4/4
  2598 | D:4      | Found Wenwurgh's Antique Armour Boutique.
  2672 | D:4      | Reached XP level 5. HP: 10/38 MP: 5/5
  2983 | D:4      | Reached skill level 5 in Fighting
  3407 | D:4      | Reached XP level 6. HP: 46/46 MP: 6/6
  3425 | D:5      | Entered Level 5 of the Dungeon
  3442 | D:5      | Noticed Duvessa
  3451 | D:5      | Noticed Dowan
  3452 | D:5      | Killed Duvessa
  3453 | D:5      | Reached skill level 6 in Fighting
  3456 | D:5      | Killed Dowan
  3457 | D:5      | Reached XP level 7. HP: 16/53 MP: 7/7
  3545 | D:5      | Reached skill level 7 in Fighting
  4155 | D:5      | Reached skill level 8 in Fighting
  4294 | D:5      | Reached XP level 8. HP: 55/61 MP: 8/8
  4304 | D:5      | Reached skill level 5 in Shields
  4369 | D:5      | Noticed a polar bear
  4369 | D:5      | an ogre changed into a polar bear
  4371 | D:5      | Noticed a rime drake
  4371 | D:5      | a polar bear changed into a rime drake
  4372 | D:5      | a rime drake changed into a fire bat
  4378 | D:5      | Reached skill level 5 in Dodging
  4766 | D:5      | Noticed Pikel
  4783 | D:5      | Killed Pikel
  4784 | D:5      | Reached skill level 9 in Fighting
  4784 | D:5      | Reached skill level 5 in Axes
  5033 | D:5      | Found Tasathud's Distillery.
  5041 | D:5      | Bought a potion of resistance for 100 gold pieces
  5041 | D:5      | Bought a potion of heal wounds for 50 gold pieces
  5041 | D:5      | Bought a potion of berserk rage for 50 gold pieces
  5117 | D:5      | Noticed Grinder
  5124 | D:5      | Killed Grinder
  5125 | D:5      | Reached skill level 10 in Fighting
  5125 | D:5      | Reached XP level 9. HP: 60/70 MP: 9/9
  6021 | D:6      | Found a staircase to the Ecumenical Temple.
  6049 | D:6      | Noticed Menkaure
  6069 | Temple   | Entered the Ecumenical Temple
  6584 | D:6      | Killed Menkaure
  6585 | D:6      | Reached skill level 11 in Fighting
  7728 | D:6      | Noticed a troll
  7737 | D:6      | Reached skill level 12 in Fighting
  7981 | D:6      | Reached XP level 10. HP: 75/81 MP: 10/10
  7993 | D:6      | Identified the +1 troll leather armour of the Spheres {rF+
                  | Regen+ Dex+3}
  8076 | D:6      | Reached skill level 13 in Fighting
 10611 | Temple   | Became a worshipper of Gozag Ym Sagoz the Greedy
 10961 | D:8      | Acquired a manual of Dodging
 11027 | D:8      | Reached skill level 14 in Fighting
 11198 | D:8      | Noticed a two-headed ogre
 11514 | D:7      | Gained mutation: One of your tentacles bears a spike.
                  | [potion of mutation]
 11629 | D:8      | Noticed a cyclops
 11840 | D:8      | Killed a two-headed ogre
 11841 | D:8      | Reached skill level 10 in Dodging
 11841 | D:8      | Reached XP level 11. HP: 67/90 MP: 11/11
 12026 | D:8      | Found Afyelod's Antique Armour Shop.
 12029 | D:8      | Noticed a tengu warrior
 12040 | D:8      | HP: 1/90 [tengu warrior[a tengu warrior] (9)]
 12041 | D:8      | Mangled by a tengu warrior

Illustrated notes

Levels and vault maps discovered:
D:1:      lightli_arrival_farm, layout_basic, nicolae_ecumenical_snake_handling
D:2:      layout_rooms, basic_altar
D:3:      minmay_recursive_quarters, layout_basic
D:4:      layout_rooms, serial_shops, shop, nicolae_zen_rock_garden,
          minmay_cupped
D:5:      layout_layer_cave, serial_shops, nicolae_square_shop, uniq_duvessa,
          uniq_pikel, uniq_grinder
D:6:      kennysheep_windowed_halls, layout_loops_ring,
          minmay_temple_entry_trees, chequers_serial_rivers_room_b,
          minmay_misc_feat_five, uniq_menkaure
D:7:      layout_loops_corners, serial_bayou_pond_c
D:8:      minmay_slanted_spiral_squares, layout_basic, david_lair_shrubbed,
          serial_shops, shop
Temple:   mainiacjoe_temple_trianglar_array

Skill      XL: |  1  2  3  4  5  6  7  8  9 10 |
---------------+-------------------------------+-----
Fighting       | 4 5 6 8 10 12 14 | 14.7
Axes           | 3 4 5 6 7 |  7.6
Shields        | 4 5 |  5.8
Dodging        | 4 5 7 10 | 10.3

Action                   |  1- 3 |  4- 6 |  7- 9 | 10-12 || total
-------------------------+-------+-------+-------+-------++-------
Melee: War axe           |    55 |    57 |   139 |   128 ||   379
       Constrict         |    19 |    18 |    39 |    19 ||    95
       Tentacles         |    10 |    16 |    56 |    37 ||   119
       Whip              |       |       |    19 |       ||    19
       Kick              |       |       |       |     4 ||     4
Throw: Dart              |       |       |    14 |       ||    14
Evoke: Wand              |       |       |     4 |       ||     4
  Use: Scroll            |     3 |     6 |     5 |     5 ||    19
       Potion            |       |     2 |       |     6 ||     8
 Stab: Sleeping          |     3 |     4 |     4 |     3 ||    14
       Distracted        |       |       |     1 |       ||     1
Armor: Skin              |     1 |       |     4 |     4 ||     9
Dodge: Dodged            |    41 |    28 |   102 |   115 ||   286
Block: Buckler           |    11 |    13 |    44 |    53 ||   121

Table legend: (Time is in decaauts)
 A = Elapsed time spent in this place.
 B = Non-inter-level travel time spent in this place.
 C = Inter-level travel time spent in this place.
 D = Time resting spent in this place.
 E = Time spent auto-exploring this place.
 F = Levels seen in this place.
 G = Mean time per level.
                   A        B        C        D        E       F      G
               +--------+--------+--------+--------+--------+-----+--------+
         Total |  12138 |  11250 |    888 |   4042 |   5707 |   9 | 1348.7 |
       Dungeon |  11521 |  10844 |    677 |   4042 |   5304 |   8 | 1440.1 |
        Temple |    617 |    406 |    211 |      0 |    403 |   1 |  617.0 |
               +--------+--------+--------+--------+--------+-----+--------+

Top non-repeatable levels by time:
     D:6: 2702 daAuts
     D:7: 2411 daAuts
     D:5: 2151 daAuts
     D:1: 1160 daAuts
     D:3: 987 daAuts
     D:4: 948 daAuts
     D:8: 792 daAuts
  Temple: 617 daAuts
     D:2: 366 daAuts
